3L
KINGSTON TOWNSHIP LEGION @ MONTANA PANDAS
06/15/2024
 
TOP OF THE 1ST
Kingston Township Legion batting - Pitching for Montana Pandas : LHP Pedro Pacheco
Pitching: LHP Pedro Pacheco
Batting: RHB Rodrigo Pagán 0-0: Bunt for hit - play at first, batter OUT! 1-3
Batting: LHB Forrest McCooke 0-0: Ball
1-0: Foul Ball, location: 2F
1-1: Ball
2-1: Foul Ball, location: 2F
2-2: Strikes out swinging
Batting: RHB Layton Templeman 0-0: Ball
1-0: DOUBLE (Flyball, 89XD)
Batting: LHB Clay Rush 0-0: Ball
1-0: Ball
2-0: Ball
3-0: Foul Ball, location: 2F
3-1: Base on Balls
Batting: RHB Pedro Mendoza 0-0: Ball
1-0: Ball
2-0: SINGLE (Flyball, 8LS)
Layton Templeman to third
Clay Rush to second
Runner from 3rd tries for Home, SAFE, no throw or cutoff
Batting: LHB Miguel Martínez 0-0: Ground out 4-3 (Groundball, 4MS)
Top of the 1st over - 1 run(s), 2 hit(s), 0 error(s), 2 left on base; Kingston Township 1 - Montana 0
BOTTOM OF THE 1ST
Montana Pandas batting - Pitching for Kingston Township Legion : LHP Shigemasa Horiuchi
Pitching: LHP Shigemasa Horiuchi
Batting: RHB Raúl Delgado 0-0: Ball
1-0: Called Strike
1-1: Foul Ball, location: 2F
1-2: Ball
2-2: Strikes out swinging
Batting: RHB Ted Cook 0-0: Foul Ball, location: 2F
0-1: Foul Ball, location: 2F
0-2: Foul Ball, location: 2F
0-2: Strikes out swinging
Batting: LHB Christian Blair 0-0: Ball
1-0: Ball
2-0: Ball
3-0: Called Strike
3-1: Called Strike
3-2: Foul Ball, location: 2F
3-2: Ground out U3 (Groundball, 3L)
Bottom of the 1st over - 0 run(s), 0 hit(s), 0 error(s), 0 left on base; Kingston Township 1 - Montana 0
TOP OF THE 2ND
Kingston Township Legion batting - Pitching for Montana Pandas : LHP Pedro Pacheco
Batting: RHB Juan Aguirre 0-0: SINGLE (Line Drive, 4MD)
Batting: LHB Martín Núñes 0-0: Called Strike
0-1: Ball
1-1: Called Strike
1-2: Foul Ball, location: 2F
1-2: Ball
2-2: Ball
3-2: Strikes out swinging
Juan Aguirre is caught stealing 2nd base
Batter strikes out.
Batting: RHB Nectanebos Dolenian 0-0: Ball
1-0: Foul Ball, location: 2F
1-1: Ground out 6-3 (Groundball, 6)
Top of the 2nd over - 0 run(s), 1 hit(s), 0 error(s), 0 left on base; Kingston Township 1 - Montana 0
BOTTOM OF THE 2ND
Montana Pandas batting - Pitching for Kingston Township Legion : LHP Shigemasa Horiuchi
Batting: LHB Luis Velázquez 0-0: Ball
1-0: Swinging Strike
1-1: Foul Ball, location: 2F
1-2: Ball
2-2: Ball
3-2: Fly out, F6 (Popup, 8RS)
Batting: RHB Pancho Salaedo 0-0: Called Strike
0-1: Fly out, F7 (Flyball, 7D)
Batting: RHB Dani Trejo 0-0: SINGLE (Groundball, 56)
Batting: RHB Jim Scott 0-0: Fly out, F5 (Popup, 5)
Bottom of the 2nd over - 0 run(s), 1 hit(s), 0 error(s), 1 left on base; Kingston Township 1 - Montana 0
TOP OF THE 3RD
Kingston Township Legion batting - Pitching for Montana Pandas : LHP Pedro Pacheco
Batting: RHB Rodrigo Pagán 0-0: Ball
1-0: Ball
2-0: Ball
3-0: Fly out, F9 (Flyball, 9LM)
Batting: LHB Forrest McCooke 0-0: Ball
1-0: Called Strike
1-1: Foul Ball, location: 2F
1-2: Strikes out swinging
Batting: RHB Layton Templeman 0-0: Called Strike
0-1: Foul Ball, location: 2F
0-2: Foul Ball, location: 2F
0-2: Ground out 6-3 (Groundball, 6)
Top of the 3rd over - 0 run(s), 0 hit(s), 0 error(s), 0 left on base; Kingston Township 1 - Montana 0
BOTTOM OF THE 3RD
Montana Pandas batting - Pitching for Kingston Township Legion : LHP Shigemasa Horiuchi
Batting: RHB Brent Ryan 0-0: Called Strike
0-1: Called Strike
0-2: Ball
1-2: Ball
2-2: Strikes out swinging
Batting: SHB Tsing Guao 0-0: Ball
1-0: Ball
2-0: Ball
3-0: Called Strike
3-1: DOUBLE (Flyball, 9LD)
Batting: RHB Raúl Delgado 0-0: Fly out, F9 (Flyball, 9M)
Batting: RHB Ted Cook 0-0: Foul Ball, location: 2F
0-1: Ball
1-1: Foul Ball, location: 2F
1-2: Ball
2-2: Fly out, F9 (Flyball, 9S)
Bottom of the 3rd over - 0 run(s), 1 hit(s), 0 error(s), 1 left on base; Kingston Township 1 - Montana 0
TOP OF THE 4TH
Kingston Township Legion batting - Pitching for Montana Pandas : LHP Pedro Pacheco
Batting: LHB Clay Rush 0-0: Foul Ball, location: 2F
0-1: Foul Ball, location: 2F
0-2: Ball
1-2: Ball
2-2: Ball
3-2: Fly out, F9 (Line Drive, 89D)
Batting: RHB Pedro Mendoza 0-0: Called Strike
0-1: Ball
1-1: Fly out, F4 (Popup, 34S)
Batting: LHB Miguel Martínez 0-0: Called Strike
0-1: Foul Ball, location: 2F
0-2: Strikes out looking
Top of the 4th over - 0 run(s), 0 hit(s), 0 error(s), 0 left on base; Kingston Township 1 - Montana 0
BOTTOM OF THE 4TH
Montana Pandas batting - Pitching for Kingston Township Legion : LHP Shigemasa Horiuchi
Batting: LHB Christian Blair 0-0: Called Strike
0-1: Ball
1-1: Called Strike
1-2: Foul Ball, location: 2F
1-2: DOUBLE (Flyball, 89XD)
Batting: LHB Luis Velázquez 0-0: Called Strike
0-1: Called Strike
0-2: Ball
1-2: Ball
2-2: Foul Ball, location: 2F
2-2: Foul Ball, location: 2F
2-2: Ground out 4-3 (Groundball, 4)
Christian Blair to third
Batting: RHB Pancho Salaedo 0-0: Ball
1-0: Ball
2-0: Ball
3-0: Called Strike
3-1: Swinging Strike
3-2: Base on Balls
Batting: RHB Dani Trejo 0-0: Swinging Strike
0-1: Called Strike
0-2: Ball
1-2: Strikes out looking
Batting: RHB Jim Scott 0-0: Ball
1-0: Called Strike
1-1: Foul Ball, location: 2F
1-2: Ball
2-2: Strikes out looking
Bottom of the 4th over - 0 run(s), 1 hit(s), 0 error(s), 2 left on base; Kingston Township 1 - Montana 0
TOP OF THE 5TH
Kingston Township Legion batting - Pitching for Montana Pandas : LHP Pedro Pacheco
Batting: RHB Juan Aguirre 0-0: Ball
1-0: Called Strike
1-1: Ball
2-1: Called Strike
2-2: Ball
3-2: Strikes out looking
Batting: LHB Martín Núñes 0-0: Swinging Strike
0-1: Foul Ball, location: 2F
0-2: SINGLE (Groundball, 34)
Batting: RHB Nectanebos Dolenian 0-0: Fly out, F5 (Popup, 25)
Batting: RHB Rodrigo Pagán 0-0: Ball
1-0: Ball
2-0: Foul Ball, location: 2F
2-1: Ground out 5-3 (Groundball, 5S)
Top of the 5th over - 0 run(s), 1 hit(s), 0 error(s), 1 left on base; Kingston Township 1 - Montana 0
BOTTOM OF THE 5TH
Montana Pandas batting - Pitching for Kingston Township Legion : LHP Shigemasa Horiuchi
Batting: RHB Brent Ryan 0-0: Ball
1-0: Foul Ball, location: 2F
1-1: Ball
2-1: Foul Ball, location: 2F
2-2: Ball
3-2: Base on Balls
Batting: SHB Tsing Guao 0-0: Called Strike
0-1: Ground out 5-3 (Groundball, 56S)
Brent Ryan to second
Batting: RHB Raúl Delgado 0-0: Ground out 1-3 (Groundball, 25)
Batting: RHB Ted Cook 0-0: Swinging Strike
0-1: Ball
1-1: DOUBLE (Groundball, 5L)
Brent Ryan scores
Batting: LHB Christian Blair 0-0: Intentional Walk
Batting: LHB Luis Velázquez 0-0: Called Strike
0-1: Ball
1-1: Foul Ball, location: 2F
1-2: Ground out 4-3 (Groundball, 4)
Bottom of the 5th over - 1 run(s), 1 hit(s), 0 error(s), 2 left on base; Kingston Township 1 - Montana 1
TOP OF THE 6TH
Kingston Township Legion batting - Pitching for Montana Pandas : LHP Pedro Pacheco
Batting: LHB Forrest McCooke 0-0: Ball
1-0: Called Strike
1-1: Ball
2-1: Ball
3-1: Base on Balls
Pitching: RHP Francis Cahill
Batting: RHB Layton Templeman 0-0: Called Strike
0-1: Called Strike
0-2: Ball
1-2: Foul Ball, location: 2F
1-2: Foul Ball, location: 2F
1-2: Foul Ball, location: 2F
1-2: Ball
2-2: Foul Ball, location: 2F
2-2: Grounds into double play, 5-4-3 (Groundball, 56)
Batting: LHB Clay Rush 0-0: Foul Ball, location: 2F
0-1: Foul Ball, location: 2F
0-2: Foul Ball, location: 2F
0-2: Ball
1-2: Ground out 4-3 (Groundball, 4)
Top of the 6th over - 0 run(s), 0 hit(s), 0 error(s), 0 left on base; Kingston Township 1 - Montana 1
BOTTOM OF THE 6TH
Montana Pandas batting - Pitching for Kingston Township Legion : LHP Shigemasa Horiuchi
Batting: RHB Pancho Salaedo 0-0: Foul Ball, location: 2F
0-1: Foul Ball, location: 2F
0-2: Ball
1-2: Foul Ball, location: 2F
1-2: Ball
2-2: Strikes out swinging
Batting: RHB Dani Trejo 0-0: Ball
1-0: Fly out, F4 (Popup, 4)
Batting: RHB Jim Scott 0-0: Called Strike
0-1: Ball
1-1: Ball
2-1: Called Strike
2-2: Foul Ball, location: 2F
2-2: Fly out, F4 (Popup, 3D)
Bottom of the 6th over - 0 run(s), 0 hit(s), 0 error(s), 0 left on base; Kingston Township 1 - Montana 1
TOP OF THE 7TH
Kingston Township Legion batting - Pitching for Montana Pandas : RHP Francis Cahill
Batting: RHB Pedro Mendoza 0-0: Called Strike
0-1: Ball
1-1: Fly out, F2 (Popup, 2RF)
Batting: LHB Miguel Martínez 0-0: Ground out 4-3 (Groundball, 4)
Batting: RHB Juan Aguirre 0-0: Called Strike
0-1: Ball
1-1: Ball
2-1: Ball
3-1: Called Strike
3-2: Foul Ball, location: 2F
3-2: Foul Ball, location: 2F
3-2: Foul Ball, location: 2F
3-2: Strikes out swinging
Top of the 7th over - 0 run(s), 0 hit(s), 0 error(s), 0 left on base; Kingston Township 1 - Montana 1
BOTTOM OF THE 7TH
Montana Pandas batting - Pitching for Kingston Township Legion : LHP Shigemasa Horiuchi
Pitching: LHP Bill Washington
Batting: RHB Brent Ryan 0-0: Foul Ball, location: 2F
0-1: Ball
1-1: Called Strike
1-2: Foul Ball, location: 2F
1-2: Ball
2-2: Ground out 5-3 (Groundball, 5)
Batting: SHB Tsing Guao 0-0: Ball
1-0: Called Strike
1-1: Ball
2-1: Reached on error, E5 (Groundball, 5L)
Batting: RHB Raúl Delgado 0-0: Called Strike
0-1: Foul Ball, location: 2F
0-2: Foul Ball, location: 2F
0-2: Strikes out swinging
Batting: RHB Ted Cook 0-0: Called Strike
0-1: Ball
1-1: DOUBLE (Flyball, 8LXD)
Tsing Guao to third
Runner from 3rd tries for Home, SAFE, no throw or cutoff
Batting: LHB Christian Blair 0-0: Intentional Walk
Batting: LHB Luis Velázquez 0-0: Ball
1-0: Swinging Strike
1-1: Ball
2-1: Ground out U3 (Groundball, 3)
Bottom of the 7th over - 1 run(s), 1 hit(s), 1 error(s), 2 left on base; Kingston Township 1 - Montana 2
TOP OF THE 8TH
Kingston Township Legion batting - Pitching for Montana Pandas : RHP Francis Cahill
Pitching: RHP Yosuke Takahashi
Batting: LHB Martín Núñes 0-0: SINGLE (Line Drive, 4D)
Batting: RHB Nectanebos Dolenian 0-0: Ball
1-0: Bunted foul
1-1: Sac Bunt - play at first, batter OUT! 1-4
Martín Núñes to second
Batting: RHB Rodrigo Pagán 0-0: Ball
1-0: Called Strike
Martín Núñes steals 3rd base
1-1: Foul Ball, location: 2F
1-2: Ball
2-2: SINGLE (Line Drive, 89S)
Martín Núñes scores
Batting: LHB Forrest McCooke 0-0: Ball
1-0: Called Strike
1-1: Ball
2-1: Foul Ball, location: 2F
2-2: Ball
3-2: Fielders Choice at 2nd, 6-4 (Groundball, 6)
Batting: RHB Layton Templeman 0-0: Ball
1-0: Ground out 5-3 (Groundball, 56S)
Top of the 8th over - 1 run(s), 2 hit(s), 0 error(s), 1 left on base; Kingston Township 2 - Montana 2
BOTTOM OF THE 8TH
Montana Pandas batting - Pitching for Kingston Township Legion : LHP Bill Washington
Batting: RHB Pancho Salaedo 0-0: Called Strike
0-1: SINGLE (Groundball, 56D)
Batting: RHB Dani Trejo 0-0: Fielders Choice at 2nd, 6-4 (Groundball, 56)
Batting: RHB Jim Scott 0-0: Called Strike
0-1: Ball
1-1: Called Strike
1-2: Ball
2-2: Strikes out looking
Pitching: RHP Albert Días
Batting: RHB Brent Ryan 0-0: Ball
1-0: Ground out 1-3 (Groundball, 13)
Bottom of the 8th over - 0 run(s), 1 hit(s), 0 error(s), 1 left on base; Kingston Township 2 - Montana 2
TOP OF THE 9TH
Kingston Township Legion batting - Pitching for Montana Pandas : RHP Yosuke Takahashi
Pitching: LHP Tomás Galván
Batting: LHB Clay Rush 0-0: Foul Ball, location: 2F
0-1: Ball
1-1: Called Strike
1-2: Strikes out swinging
Batting: RHB Pedro Mendoza 0-0: Ball
1-0: Foul Ball, location: 2F
1-1: Called Strike
1-2: Ball
2-2: Strikes out swinging
Batting: LHB Miguel Martínez 0-0: Called Strike
0-1: Ball
1-1: DOUBLE (Line Drive, 9LM)
Batting: RHB Juan Aguirre 0-0: Called Strike
0-1: Called Strike
0-2: Strikes out swinging
Top of the 9th over - 0 run(s), 1 hit(s), 0 error(s), 1 left on base; Kingston Township 2 - Montana 2
BOTTOM OF THE 9TH
Montana Pandas batting - Pitching for Kingston Township Legion : RHP Albert Días
Batting: SHB Tsing Guao 0-0: Ball
1-0: Ball
2-0: Ground out 4-3 (Groundball, 4M)
Batting: RHB Raúl Delgado 0-0: Foul Ball, location: 2F
0-1: SINGLE (Flyball, 8RS)
Batting: RHB Ted Cook 0-0: Foul Ball, location: 2F
0-1: Ball
1-1: Called Strike
1-2: Strikes out swinging
Batting: LHB Christian Blair 0-0: Called Strike
0-1: Ball
1-1: Swinging Strike
1-2: Ball
2-2: Strikes out swinging
Bottom of the 9th over - 0 run(s), 1 hit(s), 0 error(s), 1 left on base; Kingston Township 2 - Montana 2
TOP OF THE 10TH
Kingston Township Legion batting - Pitching for Montana Pandas : LHP Tomás Galván
Pinch Hitting: RHB Ben Daniel 0-0: Ball
1-0: Ball
2-0: Ball
3-0: Base on Balls
Batting: RHB Nectanebos Dolenian 0-0: Ball
Ben Daniel steals 2nd base
1-0: Foul Ball, location: 2F
1-1: Ball
2-1: Swinging Strike
2-2: Strikes out swinging
Batting: RHB Rodrigo Pagán 0-0: Intentional Walk
Batting: LHB Forrest McCooke 0-0: Ball
1-0: Foul Ball, location: 2F
1-1: Ball
2-1: Ground out 5-3 (Groundball, 56)
Ben Daniel to third
Rodrigo Pagán to second
Batting: RHB Layton Templeman 0-0: Ball
1-0: Ball
2-0: Ball
3-0: Base on Balls
Batting: LHB Clay Rush 0-0: GRAND SLAM HOME RUN (Flyball, 89XD), Distance : 382 ft
Pitching: LHP Will Savage
Batting: RHB Pedro Mendoza 0-0: Ball
1-0: Reached on error, E5 (Groundball, 56)
Batting: LHB Miguel Martínez 0-0: Called Strike
0-1: Called Strike
0-2: SINGLE (Groundball, 5D)
Pedro Mendoza to second
Batting: RHB Juan Aguirre 0-0: Ball
1-0: Ball
2-0: Called Strike
2-1: Swinging Strike
2-2: Ball
3-2: Strikes out looking
Top of the 10th over - 4 run(s), 2 hit(s), 1 error(s), 2 left on base; Kingston Township 6 - Montana 2
BOTTOM OF THE 10TH
Montana Pandas batting - Pitching for Kingston Township Legion : RHP Albert Días
Now in CF: Ben Daniel
Batting: LHB Luis Velázquez 0-0: Ground out 3-1 (Groundball, 3)
Batting: RHB Pancho Salaedo 0-0: Ball
1-0: Ball
2-0: Called Strike
2-1: Swinging Strike
2-2: SINGLE (Groundball, 34S)
Batting: RHB Dani Trejo 0-0: Called Strike
0-1: Ball
1-1: Ball
2-1: Ball
3-1: Foul Ball, location: 2F
3-2: Base on Balls
Pancho Salaedo to second
Pitching: RHP José Zavala
Batting: RHB Jim Scott 0-0: Swinging Strike
0-1: Swinging Strike
0-2: Foul Ball, location: 2F
0-2: Ball
1-2: Strikes out swinging
Batting: RHB Brent Ryan 0-0: Ground out 6-3 (Groundball, 6)
Bottom of the 10th over - 0 run(s), 1 hit(s), 0 error(s), 2 left on base; Kingston Township 6 - Montana 2
This league is powered by Out of the Park Baseball, the baseball management simulation game for PC, Mac and Linux
Monday, October 3rd, 2016 - OOTP Baseball 16.9 Build 39